 Dungeon Crawl Stone Soup version 0.30.1-9-gdf580d7c3d (webtiles) character file.

Game seed: 3926483147546820136

321 lonewolfV2 the Shield-Bearer (level 6, -3/49 HPs)
             Began as a Formicid Fighter on Oct 12, 2023.
             Constricted to death by Robin (4 damage)
             ... on level 2 of the Dungeon.
             The game lasted 00:02:44 (1329 turns).

lonewolfV2 the Shield-Bearer (Formicid Fighter)     Turns: 1329, Time: 00:02:44

Health: -3/49      AC:  7    Str: 21    XL:     6   Next: 76%
Magic:  6/6        EV:  7    Int:  7    God:
Gold:   85         SH:  5    Dex: 15    Spells: 5/5 levels left

rFire   . . .        a - +0 war axe
rCold   . . .        c - +0 buckler
rNeg    . . .        b - +0 scale mail
rPois   .            (helmet unavailable)
rElec   .            (no cloak)
rCorr   .            (no gloves)
SInv    +            (no boots)
Will    .....        (no amulet) Stlth
                     (no ring)
HPRegen 0.28/turn    (no ring)
MPRegen 0.10/turn

%: no passive effects
@: grasped by roots, constricted
A: permanent stasis, dig shafts and tunnels, antennae 3, four strong arms
a: Dig, Shaft Self


You were on level 2 of the Dungeon.
You visited 1 branch of the dungeon, and saw 2 of its levels.

You collected 85 gold pieces.

Inventory:

Hand Weapons
 a - a +0 war axe (weapon)
Armour
 b - a +0 scale mail (worn)
 c - a +0 buckler (worn)
Scrolls
 d - a scroll of enchant armour {unknown}
 e - a scroll of teleportation {unknown}
 f - 2 scrolls of identify {unknown}
 i - a scroll of blinking {unknown}
 k - a scroll of brand weapon {unknown}
 l - a scroll of magic mapping {unknown}
 m - a scroll of immolation {unknown}
Potions
 g - 2 potions of heal wounds {unknown}
 h - a potion of curing {unknown}
 j - 2 potions of attraction {unknown}


   Skills:
 + Level 4.3 Fighting
 + Level 4.2 Axes
 + Level 4.6 Armour
 + Level 1.4 Dodging
 + Level 5.0 Shields


You had 5 spell levels left.
You didn't know any spells.
Your spell library was empty.

Dungeon Overview and Level Annotations

Branches:
Dungeon (2/15)

Altars:
Sif Muna

Shops:
D:1 *

Annotations:
D:2 Robin


Innate Abilities, Weirdness & Mutations

You cannot be hasted, slowed, berserked, paralysed or teleported.
You can dig through walls and to a lower floor.
You have a pair of large antennae on your head. (SInv)
Your four strong arms can wield two-handed weapons with a shield.


Message History

You slash the goblin!
You kill the goblin!
You slash the goblin!
You kill the goblin!
Robin zaps a wand.
The roots erupt in riotous growth!
The grasping roots grab you! The grasping roots constrict you.
You closely miss the hobgoblin. The grasping roots constrict you.
You block the hobgoblin's attack. Robin throws the goblin at you!
The grasping roots constrict you. The goblin hits you with a +0 club.
You block the hobgoblin's attack.
Unknown command.
You closely miss the hobgoblin. You slash the goblin!
You kill the goblin!
The hobgoblin no longer looks unusually strong.
The grasping roots constrict you! The hobgoblin hits you.
* * * LOW HITPOINT WARNING * * *
You closely miss the hobgoblin. The grasping roots constrict you.
The hobgoblin closely misses you.
The grasping roots release their grip on you.
You slash the hobgoblin!
You kill the hobgoblin!
Unknown command.
You slash Robin!
Robin is almost dead.
Robin zaps a wand.
The roots erupt in riotous growth!
The grasping roots grab you!
Robin is unaffected.
The grasping roots constrict you.
* * * LOW HITPOINT WARNING * * *
Robin hits you but does no damage. The grasping roots constrict you.
* * * LOW HITPOINT WARNING * * *
You hit Robin but do no damage.
Robin is almost dead.
Robin barely misses you. The grasping roots constrict you.
* * * LOW HITPOINT WARNING * * *
You barely miss Robin.
Robin is almost dead.
Robin flexes a bicep menacingly.
Robin hits you but does no damage. The grasping roots constrict you.
You die...

#........##..#.......##
#........##.##.#######
#........##....#
#........##....#
###########....#
#..gg......# ####
##.#####....# ....
......##)#### ....
#.g@)# ### ######


You could see Robin.

Vanquished Creatures
  Sigmund (D:2)
  Natasha (thrice) (D:2)
  An adder (D:2)
  2 dart slugs (D:1)
  3 bats (D:1)
  7 endoplasms
  A giant cockroach (D:1)
  12 goblins
  5 hobgoblins
  4 jackals (D:2)
  5 kobolds
  8 ball pythons
  5 rats
57 creatures vanquished.

Notes
Turn   | Place    | Note
-------+----------+-------------------------------------------
     0 | D:1      | lonewolfV2 the Formicid Fighter began the quest for the
                  | Orb.
     0 | D:1      | Reached XP level 1. HP: 18/18 MP: 1/1
    46 | D:1      | Reached XP level 2. HP: 24/24 MP: 2/2
   102 | D:1      | Found Muipatuv's Assorted Antiques.
   262 | D:1      | Reached XP level 3. HP: 29/30 MP: 3/3
   516 | D:1      | Found a faded altar of an unknown god.
   731 | D:2      | Noticed Sigmund
   753 | D:2      | Killed Sigmund
   754 | D:2      | Reached skill level 1 in Dodging
   754 | D:2      | Reached XP level 4. HP: 21/37 MP: 4/4
   754 | D:2      | Reached XP level 5. HP: 24/42 MP: 5/5
   754 | D:2      | Reached XP level 6. HP: 28/48 MP: 6/6
   773 | D:2      | Found a shimmering blue altar of Sif Muna.
   938 | D:2      | Noticed Natasha
   947 | D:2      | Killed Natasha
  1135 | D:2      | Noticed Natasha
  1142 | D:2      | Killed Natasha
  1143 | D:2      | Reached skill level 5 in Shields
  1275 | D:2      | Noticed Natasha
  1283 | D:2      | Killed Natasha
  1313 | D:2      | Noticed Robin
  1328 | D:2      | HP: 1/49 [constriction (4)]
  1329 | D:2      | Constricted to death by Robin

Illustrated notes

Levels and vault maps discovered:
D:1:      psy_arrival_dodecagon, layout_basic,
          dreamdust_ecumenical_altar_sealed_demon, serial_shops,
          nicolae_shop_hallway_plus
D:2:      cheibrodos_helix_gallery, layout_rooms, basic_altar, uniq_natasha,
          uniq_sigmund, uniq_robin

Skill      XL: |  1  2  3  4  5  6 |
---------------+-------------------+-----
Fighting       | 4 |  4.3
Axes           | 3 4 |  4.2
Armour         | 4 |  4.6
Dodging        | 1 |  1.4
Shields        | 5 |  5.0

Action                     |  1- 3 |  4- 6 || total
---------------------------+-------+-------++-------
  Melee: War axe           |    73 |    52 ||   125
    Use: Potion            |     1 |       ||     1
 Armour: Scale mail        |    62 |    28 ||    90
  Dodge: Dodged            |    60 |    30 ||    90
  Block: Buckler           |    28 |    20 ||    48
